 Dungeon Crawl Stone Soup version 0.29.1-2-gbd0b4ee654 (webtiles) character file.

Game seed: 5718399741181906793

2143 sanboga the Cleaver (level 9, -5/79 HPs)
             Began as a Hill Orc Berserker on Nov 20, 2022.
             Was an Elder of Trog.
             Slain by an orc warrior
             ... wielding a +0 glaive
              (13 damage)
             ... on level 6 of the Dungeon.
             The game lasted 00:05:46 (4339 turns).

sanboga the Cleaver (Hill Orc Berserker)            Turns: 4339, Time: 00:05:46

Health: -5/79      AC: 12    Str: 22 (24) XL:     9   Next: 30%
Magic:  9/9        EV:  9    Int:  5 (7)  God:    Trog [****..]
Gold:   304        SH:  0    Dex:  9 (10) Spells: 8/8 levels left

rFire   . . .      SeeInvis .   a - +0 hand axe
rCold   . . .      Faith    .   (no shield)
rNeg    . . .      Spirit   .   B - +0 chain mail
rPois   .          Reflect  .   m - +0 helmet
rElec   .          Harm     .   (no cloak)
rCorr   .          Rampage  .   s - +0 pair of gloves
Will    +....                   (no boots)
Stlth   ..........              d - amulet of regeneration
HPRegen 1.03/turn               x - ring of willpower
MPRegen 0.11/turn               (no ring)

@: on berserk cooldown, slowed, very slow
A: no striking features
a: Renounce Religion, Berserk, Trog's Hand, Brothers in Arms


You were on level 6 of the Dungeon.
You worshipped Trog.
Trog was greatly pleased with you.
You visited 1 branch of the dungeon, and saw 6 of its levels.

You collected 304 gold pieces.

Inventory:

Hand Weapons
 a - a +0 hand axe (weapon)
Armour
 m - a +0 helmet (worn)
 s - a +0 pair of gloves (worn)
 B - a +0 chain mail (worn)
Jewellery
 d - an amulet of regeneration (around neck)
 x - a ring of willpower (left hand)
Wands
 b - a wand of mindburst (4)
 o - a wand of quicksilver (6)
Scrolls
 c - 2 scrolls of amnesia {unknown}
 g - 3 scrolls of teleportation {unknown}
 i - a scroll of acquirement {unknown}
 j - 3 scrolls of fog
 k - a scroll of blinking {unknown}
 n - 2 scrolls of enchant weapon {unknown}
 r - 2 scrolls of magic mapping {unknown}
 v - 2 scrolls of poison {unknown}
 y - 2 scrolls of vulnerability {unknown}
 z - 2 scrolls of fear {unknown}
 D - a scroll of silence {unknown}
Potions
 e - 9 potions of curing
 h - 2 potions of mutation
 l - 2 potions of flight
 p - a potion of magic {unknown}
 q - a potion of degeneration
 t - a potion of ambrosia {unknown}
 u - a potion of cancellation {unknown}
 w - a potion of attraction {unknown}
 A - a potion of might {unknown}
 C - a potion of brilliance {unknown}
 E - 3 potions of haste {unknown}


   Skills:
 + Level 7.4 Fighting
 * Level 10.7 Axes
 + Level 6.2 Armour
 + Level 4.6 Dodging


You had 8 spell levels left.
You didn't know any spells.
Your spell library was empty.

Dungeon Overview and Level Annotations

Branches:
Dungeon (6/15)             Temple (0/1) D:4

Altars:
Ashenzari
Dithmenos
Hepliaklqana
Kikubaaqudgha
Wu Jian
Beogh

Shops:
D:2 :


Message History

The orc hits you from afar with a +0 trident.
The orc warrior hits you but does no damage.
You closely miss the orc warrior.
The orc warrior is moderately wounded.
The orc completely misses you.
The orc warrior hits you with a +0 glaive.
You hit the orc warrior but do no damage.
The orc warrior is moderately wounded.
The orc hits you but does no damage.
The orc warrior hits you but does no damage.
You closely miss the orc warrior.
The orc warrior is moderately wounded.
The orc barely misses you.
The orc warrior hits you with a +0 glaive!
You hit the orc warrior.
The orc warrior is heavily wounded.
The orc barely misses you. The orc warrior closely misses you.
You hit the orc warrior but do no damage.
The orc warrior is heavily wounded.
The orc hits you but does no damage. The orc warrior barely misses you.
You closely miss the orc warrior.
The orc warrior is heavily wounded.
The orc hits you but does no damage.
The orc warrior hits you with a +0 glaive!
The orc hits you but does no damage. The orc warrior barely misses you.
You hit the orc warrior.
The orc warrior is severely wounded.
The orc misses you.
The orc warrior hits you with a +0 glaive!
* * * LOW HITPOINT WARNING * * *
You slash the orc warrior!
The orc warrior is almost dead.
The orc barely misses you.
The orc warrior hits you with a +0 glaive!
* * * LOW HITPOINT WARNING * * *
You hit the orc warrior but do no damage.
The orc warrior is almost dead.
The orc hits you but does no damage.
The orc warrior hits you with a +0 glaive!
You die...

######.#..#
###........##
....####.#.#
######...#.### ###
##.###...####
..###..#####....########
#).##.##........§§§....#
........8.....§§§§§...8#
........######o§@#######
........#.....§..o....#
#########....#####....#
#.###.....###.#
#.#8#..8..#8# #
#.......... .
8...)[_[....8 ###### ##


You could see an orc warrior and an orc.

Vanquished Creatures
  The ghost of sigtrap the Covert, a novice SpBe of Trog (D:6)
  Menkaure (D:6)
  A water moccasin (D:5)
  Edmund (D:5)
  2 orc warriors (D:6)
  An ogre (D:5)
  A black bear (D:6)
  2 phantoms
  2 kobold brigands
  3 scorpions
  4 orc priests
  A jelly (D:5)
  4 iguanas
  2 orc wizards
  Robin (D:3)
  8 gnolls (D:4)
  5 adders
  A shadow imp (D:5)
  2 ufetubi
  A worm (D:2)
  2 dart slugs (D:4)
  19 orcs
  3 bats
  8 endoplasms
  A giant cockroach (D:3)
  14 goblins
  6 hobgoblins
  5 jackals (D:2)
  13 kobolds
  4 quokkas
  12 ball pythons
  4 frilled lizards
135 creatures vanquished.

Vanquished Creatures (others)
  An orc priest (D:6)
1 creature vanquished.

Grand Total: 136 creatures vanquished

Notes
Turn   | Place    | Note
-------+----------+-------------------------------------------
     0 | D:1      | sanboga the Hill Orc Berserker began the quest for the Orb.
     0 | D:1      | Reached XP level 1. HP: 19/19 MP: 1/1
   584 | D:1      | Reached XP level 2. HP: 20/27 MP: 2/2
   869 | D:1      | Found a faded altar of an unknown god.
  1090 | D:2      | Found Yripreul's Book Shop.
  1168 | D:2      | Reached XP level 3. HP: 21/33 MP: 3/3
  1367 | D:2      | Reached skill level 5 in Axes
  1391 | D:2      | Reached ** piety under Trog
  1804 | D:3      | Reached XP level 4. HP: 40/40 MP: 4/4
  1884 | D:3      | Noticed Robin
  1903 | D:3      | Killed Robin
  1983 | D:3      | Found a shadowy altar of Dithmenos.
  2308 | D:3      | Reached XP level 5. HP: 46/47 MP: 5/5
  2316 | D:3      | Reached *** piety under Trog
  2490 | D:4      | Reached skill level 6 in Axes
  2491 | D:4      | Reached XP level 6. HP: 53/53 MP: 6/6
  2544 | D:4      | Reached skill level 5 in Fighting
  2626 | D:4      | Found a broken altar of Ashenzari.
  2628 | D:4      | Found a staircase to the Ecumenical Temple.
  2708 | D:4      | Reached skill level 7 in Axes
  2708 | D:4      | Reached XP level 7. HP: 33/61 MP: 7/7
  3032 | D:4      | Found an ancient bone altar of Kikubaaqudgha.
  3080 | D:5      | Entered Level 5 of the Dungeon
  3163 | D:5      | Noticed Edmund
  3179 | D:5      | Killed Edmund
  3402 | D:5      | Reached skill level 8 in Axes
  3447 | D:5      | Found a hazy altar of Hepliaklqana.
  3625 | D:5      | Found an ornate altar of the Wu Jian Council.
  3652 | D:5      | Reached **** piety under Trog
  3653 | D:5      | Reached XP level 8. HP: 39/70 MP: 8/8
  3848 | D:5      | Reached skill level 5 in Armour
  3852 | D:5      | Reached skill level 9 in Axes
  4011 | D:6      | Noticed Menkaure
  4022 | D:6      | Killed Menkaure
  4174 | D:6      | Found a runed translucent gate.
  4174 | D:6      | Found a runed translucent gate.
  4178 | D:6      | Found a runed translucent gate.
  4180 | D:6      | Noticed sigtrap's ghost (novice SpBe)
  4181 | D:6      | Identified the +4 plate armour "Bone" {rElec rCorr Int+3}
  4292 | D:6      | Found a roughly hewn altar of Beogh.
  4307 | D:6      | Killed sigtrap's ghost
  4308 | D:6      | Reached skill level 10 in Axes
  4308 | D:6      | Reached XP level 9. HP: 60/79 MP: 9/9
  4339 | D:6      | Slain by an orc warrior

Illustrated notes

Levels and vault maps discovered:
D:1:      dpeg_arrival_rooms_c, layout_basic,
          shapermc_ecumenical_altar_mp_highgroup
D:2:      layout_basic, serial_shops, nicolae_shop_crystal
D:3:      layout_basic, mainiacjoe_overflow_alcove_2, uniq_robin
D:4:      layout_rooms, nicolae_overflow_hidden_temple,
          mainiacjoe_overflow_catwalk, minmay_temple_entry_statues_pillars
D:5:      layout_rooms, worldfamousw_hep_ancestral_shrine, lemuel_tele_altar,
          uniq_edmund
D:6:      layout_rooms, biasface_ghost_orc_armoury, minmay_ruffians,
          uniq_menkaure

Skill      XL: |  1  2  3  4  5  6  7  8 |
---------------+-------------------------+-----
Fighting       | 4 5 6 7 |  7.4
Axes           | 5 6 7 8 10 | 10.7
Dodging        | 2 3 4 |  4.6
Armour         | 3 4 6 |  6.2

Action                   |  1- 3 |  4- 6 |  7- 9 || total
-------------------------+-------+-------+-------++-------
Melee: Hand axe          |   125 |   150 |   214 ||   489
       Punch             |       |     1 |     5 ||     6
Invok: Berserk           |     2 |     2 |     4 ||     8
  Use: Scroll            |     3 |       |     3 ||     6
       Potion            |       |       |     6 ||     6
 Stab: Sleeping          |     2 |       |       ||     2
Armor: Animal skin       |    22 |    35 |     4 ||    61
       Chain mail        |       |       |   112 ||   112
Dodge: Dodged            |    78 |    90 |   120 ||   288
